 Dungeon Crawl Stone Soup version 0.21-a0-434-g806c6c2 (webtiles) character file.

74540 KristoblXynda the Carver (level 15, -6/118 HPs)
             Began as a White Draconian Fighter on Nov 8, 2017.
             Was the Champion of Dithmenos.
             Mangled by an orc knight
             ... wielding a +0 battleaxe
              (37 damage)
             ... on level 1 of the Orcish Mines.
             The game lasted 01:06:15 (31077 turns).

KristoblXynda the Carver (White Draconian Fighter) Turns: 31077, Time: 01:06:16

Health: -6/118     AC: 15    Str: 24    XL:     15   Next: 7%
Magic:  23/23      EV: 17    Int: 17    God:    Dithmenos [******]
Gold:   1747       SH: 18    Dex: 14    Spells: 19/25 levels left

rFire    + . .     SeeInvis +   K - +7 scimitar (freeze)
rCold    + . .     Gourm    .   b - +0 shield
rNeg     . . .     Faith    .   (armour unavailable)
rPois    +         Spirit   .   (helmet restricted)
rElec    .         Reflect  +   i - +1 cloak
rCorr    .         Harm     .   k - +1 pair of gloves
MR       +....     Clarity  +   r - +1 pair of boots
Stlth    +++++.....             l - +5 amulet of reflection
HPRegen  0.29/turn              e - ring "Jimeyj" {rF+ Str+4 Int+5 Dex+2 Slay-5}
MPRegen  0.18/turn              L - ring of poison resistance

@: short of breath, wreathed by umbra
A: breathe frost, unfitting armour, big wings, talons 1, see invisible, clarity,
cold resistance 1, cold-blooded, MP-powered wands, AC +9
a: Breathe Frost, Fly, Shadow Step, Shadow Form, Renounce Religion


You were on level 1 of the Orcish Mines.
You worshipped Dithmenos.
Dithmenos was exalted by your worship.
You were not hungry.

You visited 5 branches of the dungeon, and saw 25 of its levels.

You collected 1747 gold pieces.

Inventory:

Hand Weapons
 K - a +7 scimitar of freezing (weapon)
Missiles
 C - 2 throwing nets (quivered)
Armour
 b - a +0 shield (worn)
 i - a +1 cloak (worn)
 k - a +1 pair of gloves (worn)
 r - a +1 pair of boots (worn)
Jewellery
 e - the ring "Jimeyj" (left hand) {rF+ Str+4 Int+5 Dex+2 Slay-5}
   (You found it on level 12 of the Dungeon)

   [ring of intelligence]

   It affects your strength (+4).
   It affects your intelligence (+5).
   It affects your dexterity (+2).
   It affects your accuracy and damage with ranged weapons and melee attacks
   (-5).
   It protects you from fire.
 l - a +5 amulet of reflection (around neck)
 L - a ring of poison resistance (right hand)
Wands
 j - a wand of scattershot (2/9)
 y - a wand of disintegration (4/24)
 B - a wand of digging (8/24)
 N - a wand of paralysis (8/24)
Scrolls
 o - a scroll of magic mapping
 u - a scroll of amnesia
 v - 4 scrolls of identify
 I - a scroll of blinking
 S - 4 scrolls of teleportation
Potions
 a - 2 potions of cancellation
 f - 6 potions of haste
 g - a potion of might
 n - 3 potions of invisibility
 p - 4 potions of curing
 q - a potion of resistance
 z - 2 potions of magic
 A - a potion of brilliance
 J - a potion of agility
 P - 2 potions of heal wounds
Miscellaneous
 G - a phantom mirror
Comestibles
 d - 12 bread rations
 m - 8 royal jellies
 w - 5 meat rations


   Skills:
 + Level 7.4 Fighting
 + Level 14.9 Long Blades
 - Level 9.0 Dodging
 - Level 5.2 Stealth
 - Level 13.1 Shields
 + Level 5.5 Spellcasting
 + Level 5.5 Hexes
 - Level 8.0 Invocations
 - Level 8.0 Evocations


You had 19 spell levels left.
You knew the following spells:

 Your Spells              Type           Power        Failure   Level  Hunger
a - Invisibility          Hex            ###.....     95%         6    #######


Dungeon Overview and Level Annotations

Branches:
Dungeon (15/15)            Temple (1/1) D:6            Lair (6/6) D:9
  Swamp (1/4) Lair:2        Snake (0/4) Lair:3        Slime (0/5) Lair:6
    Orc (2/2) D:10         Vaults (0/5) D:14         Depths (0/5) D:15
    Elf: Orc:2

Altars:
Ashenzari
Cheibriados
Dithmenos
Elyvilon
Fedhas
Gozag
Hepliaklqana
Kikubaaqudgha
Makhleb
Nemelex Xobeh
Okawaru
Qazlal
Ru
Sif Muna
Trog
Uskayaw
Vehumet
Wu Jian
Xom
Yredelemnul
Zin
The Shining One
Beogh

Shops:
D:4 *   D:6 %   D:12 =

Annotations:
D:3 2 transporters
Lair:4 exclusion: oklob plant
Orc:2 Sonja


Innate Abilities, Weirdness & Mutations

You can breathe waves of freezing cold.
You can buffet flying creatures when you breathe cold.
Your icy white scales are hard. (AC +9)
You cannot fit into any form of body armour.
Your flesh is cold resistant. (rC+)
You are cold-blooded and may be slowed by cold attacks.
Your large and strong wings let you fly indefinitely.
You have sharp toenails.
You have supernaturally acute eyesight. (SInv)
You possess an exceptional clarity of mind.
You expend magic power (3 MP) to strengthen your wands.


Message History

The orc knight hits you with a battleaxe!!
* * * LOW HITPOINT WARNING * * *
You emit a cloud of dark smoke.
You hit the ogre. You freeze the ogre. You tail-slap the ogre.
The ogre is lightly wounded.
The ogre barely misses you. You block the ogre's attack.
The ogre closely misses you.
You see here a tomahawk.
The ogre misses you.
Press: ? - help, Shift-Dir - straight line, f - orc knight
Aim: an orc knight, wielding a battleaxe and wearing a chain mail (severely wounded, unusually strong, umbra)
You exhale a wave of freezing cold.
The freezing breath hits the orc knight.
The orc knight is almost dead.
The freezing breath hits the ogre.
You kill the ogre!
Dithmenos accepts your kill.
You feel somewhat more hungry.
The orc knight hits you with a battleaxe!!!
You die...

#...##....#......................
##..#..........................#.
.#.......................#...####
............._................##.
.....................>...........
...............................#.
.........§.............##.......#
.......§§§#.....................#
.......§§§§§..)o@............#.##
#.....§§§§§§...O..............##
......§§§§§§[[................#
#.....§§§§§§<[...........###.##
......§§§.§).).#..........####
.........§.#....#.........#
.......#...#.............######
.......#....#..............##.##
#..........####................#


You could see an orc knight and an ogre.

Vanquished Creatures
  An orc warlord (D:10)
  The ghost of Slowdrip the Grappler, a journeyman TrFi (D:13)
  A vault guard (D:14)
  3 catoblepae (Lair:4)
  7 hydras
  Erica (Lair:2)
  An ogre mage (D:15)
  2 centaur warriors
  An alligator (Lair:2)
  7 two-headed ogres
  6 death yaks (Lair:5)
  Nergalle (D:11)
  A skeletal warrior (D:12)
  2 unseen horrors
  A swamp dragon (Swamp:1)
  Pikel (D:8)
  2 wizards (D:15)
  2 manticores (Lair:4)
  2 deep elf magi (D:15)
  4 cyclopes
  12 ugly things
  2 orc sorcerers (Orc:1)
  The ghost of HAL9000 the Skirmisher, a novice OgHu of Wu Jian (D:4)
  3 black mambas
  2 centaur skeletons
  3 gargoyles
  5 rime drakes
  A spiny frog (Lair:5)
  4 komodo dragons
  3 meliai (D:15)
  A queen bee (D:10)
  6 polar bears (Lair:6)
  8 trolls
  5 hornets
  A tyrant leech (Lair:2)
  A slime creature (D:15)
  10 hippogriffs
  Prince Ribbit (D:6)
  3 blink frogs (Lair:2)
  6 dream sheep
  12 spriggans (Lair:6)
  A wyvern (Lair:6)
  60 yaks
  3 fire bats (Lair:6)
  A wraith (D:12)
  A vampire (D:13)
  2 basilisks
  A fire elemental (Lair:6)
  A hungry ghost (D:15)
  3 acid dragons
  2 swamp worms
  4 wargs
  Duvessa (D:7)
  4 porcupines
  10 water moccasins
  3 slaves (D:8)
  4 black bears
  29 orc warriors
  An eye of draining (D:13)
  3 sky beasts
  A necrophage (D:9)
  2 phantoms
  A black bear (shapeshifter) (D:13)
  5 boggarts (Lair:6)
  An ice beast (D:7)
  19 wolves
  13 ogres
  16 centaurs
  11 crocodiles
  A big kobold (D:12)
  14 bullfrogs
  A gnoll sergeant (D:13)
  A wyvern zombie (D:6)
  Dowan (D:7)
  2 scorpions
  32 killer bees
  8 wights
  An electric eel (D:11)
  3 howler monkeys
  9 crimson imps
  A lava snake (Lair:6)
  7 hounds
  16 orc priests
  A bullfrog skeleton (D:9)
  10 jellies
  2 iguanas
  22 orc wizards
  11 worker ants
  2 hell rats (Lair:6)
  13 adders
  4 gnolls
  8 river rats (Lair:6)
  2 oozes (Lair:6)
  An adder zombie (D:6)
  3 worms
  3 dart slugs
  8 leopard geckos
  71 orcs
  3 ball pythons
  A giant cockroach (D:5)
  7 goblins
  7 hobgoblins
  6 jackals
  18 kobolds
  4 quokkas
  9 bats
  5 frilled lizards
  A giant cockroach zombie (D:5)
  A goblin skeleton (D:5)
  A goblin zombie (D:5)
  4 hobgoblin zombies (D:5)
  A kobold skeleton (D:5)
  3 kobold zombies (D:5)
  2 orc skeletons (D:5)
  3 orc zombies (D:5)
  8 rats
682 creatures vanquished.

Vanquished Creatures (others)
  10 fungi
  10 plants
20 creatures vanquished.

Grand Total: 702 creatures vanquished

Notes
Turn   | Place    | Note
-------+----------+-------------------------------------------
     0 | D:1      | KristoblXynda the Draconian Fighter began the quest for the Orb.
     0 | D:1      | Reached XP level 1. HP: 19/19 MP: 1/1
   155 | D:1      | Reached XP level 2. HP: 25/26 MP: 2/2
   412 | D:1      | Reached skill level 3 in Long Blades
   649 | D:2      | Reached XP level 3. HP: 28/31 MP: 3/3
  1030 | D:2      | Reached XP level 4. HP: 8/38 MP: 4/4
  1582 | D:2      | Reached skill level 4 in Long Blades
  1731 | D:3      | Found a transporter.
  1733 | D:3      | Found a transporter.
  2187 | D:3      | Reached XP level 5. HP: 38/45 MP: 5/5
  2505 | D:4      | Reached skill level 5 in Long Blades
  2711 | D:4      | Found a sacrificial altar of Ru.
  2788 | D:4      | Found Fojouso's Assorted Antiques.
  3108 | D:4      | Found a hide-covered altar of Uskayaw.
  3119 | D:4      | Noticed a water elemental
  3121 | D:4      | Found a stormy altar of Qazlal.
  3122 | D:4      | Noticed a fire elemental
  3122 | D:4      | Noticed an air elemental
  3176 | D:4      | Found an ancient bone altar of Kikubaaqudgha.
  3315 | D:5      | Entered Level 5 of the Dungeon
  3317 | D:5      | Noticed an ogre
  3318 | D:5      | Noticed a centaur
  3330 | D:4      | Reached XP level 6. HP: 38/51 MP: 6/6
  3463 | D:4      | Noticed HAL9000's ghost (novice OgHu)
  3482 | D:4      | Killed HAL9000's ghost
  3482 | D:4      | Reached skill level 6 in Long Blades
  3482 | D:4      | Reached skill level 5 in Shields
  3482 | D:4      | Your scales start taking on an icy white colour.
  3482 | D:4      | Reached XP level 7. HP: 37/57 MP: 7/7
  3482 | D:4      | Gained mutation: Your flesh is cold resistant. (rC+) [White Draconian growth]
  3615 | D:5      | Found a hazy altar of Hepliaklqana.
  3649 | D:5      | Found a glowing golden altar of the Shining One.
  3678 | D:5      | Reached skill level 7 in Long Blades
  3975 | D:5      | Reached XP level 8. HP: 56/63 MP: 8/8
  4013 | D:5      | Reached skill level 8 in Long Blades
  4300 | D:6      | Found Zeakk's Food Shoppe.
  4810 | D:6      | Found a staircase to the Ecumenical Temple.
  4840 | Temple   | Entered the Ecumenical Temple
  4896 | Temple   | Became a worshipper of Dithmenos the Shadowed
  4943 | D:6      | Reached skill level 9 in Long Blades
  5295 | D:6      | Noticed Prince Ribbit
  5306 | D:6      | Killed Prince Ribbit
  5660 | D:6      | Reached XP level 9. HP: 23/70 MP: 9/9
  5944 | D:7      | Found a stormy altar of Qazlal.
  5964 | D:7      | Reached skill level 10 in Long Blades
  6078 | D:7      | Reached * piety under Dithmenos
  6471 | D:7      | Noticed Duvessa
  6478 | D:7      | Noticed Dowan
  6484 | D:7      | Killed Duvessa
  6502 | D:7      | Killed Dowan
  6502 | D:7      | Reached skill level 1 in Invocations
  6502 | D:7      | Reached skill level 1 in Evocations
  6894 | D:8      | Noticed Pikel
  6914 | D:8      | Killed Pikel
  7209 | D:8      | Reached XP level 10. HP: 42/77 MP: 12/12
  7509 | D:8      | Found an ornate altar of the Wu Jian Council.
  7927 | D:9      | Reached ** piety under Dithmenos
  8155 | D:9      | Reached skill level 5 in Invocations
  8499 | D:9      | Found a shattered altar of Ashenzari.
  8599 | D:9      | Reached skill level 5 in Evocations
  8890 | D:9      | Found a staircase to the Lair.
  9135 | D:9      | Reached skill level 10 in Shields
  9554 | D:10     | Entered Level 10 of the Dungeon
  9572 | D:10     | Gained mutation: Your magical capacity is low. (-10% MP) [mutagenic meat]
  9573 | D:10     | Gained mutation: Your spells are a little harder to cast, but a little more powerful. [mutagenic meat]
  9585 | D:10     | Learned a level 6 spell: Invisibility
 10033 | D:10     | Reached *** piety under Dithmenos
 10078 | D:10     | Found a staircase to the Orcish Mines.
 10427 | D:10     | Reached XP level 11. HP: 54/82 MP: 14/14
 10917 | D:11     | Found a sparkling altar of Nemelex Xobeh.
 11996 | D:11     | Got an ancient spear {freeze}
 11997 | D:11     | Identified the +5 spear "Ecayrcho" {freeze, rElec Dex+3} (You took it off an orc wizard on level 11 of the Dungeon)
 12021 | D:11     | Reached **** piety under Dithmenos
 12143 | D:11     | Noticed Nergalle
 12161 | D:11     | Killed Nergalle
 12775 | D:11     | Found a bloodstained altar of Trog.
 13384 | D:12     | Noticed an unseen horror
 13394 | D:12     | Killed an unseen horror
 13394 | D:12     | Reached skill level 11 in Long Blades
 13433 | D:12     | Noticed a skeletal warrior
 13433 | D:12     | Noticed a skeletal warrior
 13519 | Orc:1    | Entered Level 1 of the Orcish Mines
 13520 | Orc:1    | Found a roughly hewn altar of Beogh.
 13889 | Orc:1    | Noticed an orc warlord
 14163 | D:10     | Killed an orc warlord
 14163 | D:10     | Reached XP level 12. HP: 42/89 MP: 16/16
 14787 | Orc:1    | Reached ***** piety under Dithmenos
 15413 | Orc:2    | Entered Level 2 of the Orcish Mines
 15445 | Orc:2    | Noticed Sonja
 15629 | Lair:1   | Entered Level 1 of the Lair of Beasts
 15787 | Lair:1   | Reached skill level 5 in Dodging
 15906 | Lair:1   | Noticed a seven-headed hydra
 15912 | Lair:1   | Killed a seven-headed hydra
 15999 | Lair:1   | Noticed a seven-headed hydra
 16012 | Lair:1   | Killed an 11-headed hydra
 16012 | Lair:1   | Reached skill level 12 in Long Blades
 17353 | Lair:2   | Noticed a four-headed hydra
 17360 | Lair:2   | Killed a five-headed hydra
 17417 | Lair:2   | Found a staircase to the Swamp.
 17458 | Lair:2   | Noticed Erica
 17463 | Lair:2   | Killed Erica
 17971 | Swamp:1  | Entered Level 1 of the Swamp
 17973 | Swamp:1  | Noticed an alligator
 17987 | Lair:2   | Killed an alligator
 18502 | Lair:3   | Found a staircase to the Snake Pit.
 19039 | Lair:4   | Reached XP level 13. HP: 84/94 MP: 17/17
 19604 | Lair:4   | Reached skill level 13 in Long Blades
 19862 | Lair:4   | Reached skill level 1 in Stealth
 23476 | Lair:5   | Reached skill level 5 in Stealth
 24034 | Lair:6   | Entered Level 6 of the Lair of Beasts
 24068 | Lair:6   | Lost mutation: Your spells are a little harder to cast, but a little more powerful. [potion of mutation]
 24068 | Lair:6   | Lost mutation: Your magical capacity is low. (-10% MP) [potion of mutation]
 24068 | Lair:6   | Gained mutation: Your magical capacity is low. (-10% MP) [potion of mutation]
 24068 | Lair:6   | Gained mutation: Your mind is acute. (Int +2) [potion of mutation]
 24069 | Lair:6   | Lost mutation: Your mind is acute. (Int +2) [potion of mutation]
 24069 | Lair:6   | Lost mutation: Your magical capacity is low. (-10% MP) [potion of mutation]
 24069 | Lair:6   | Gained mutation: You expend magic power (3 MP) to strengthen your wands. [potion of mutation]
 24069 | Lair:6   | Gained mutation: You have sharp toenails. [potion of mutation]
 24069 | Lair:6   | Gained mutation: You possess an exceptional clarity of mind. [potion of mutation]
 24069 | Lair:6   | Gained mutation: Your large and strong wings let you fly indefinitely. [potion of mutation]
 24094 | Lair:6   | Found a staircase to the Slime Pits.
 24194 | Lair:6   | Reached ****** piety under Dithmenos
 24473 | Lair:6   | Reached skill level 1 in Spellcasting
 24473 | Lair:6   | Reached skill level 1 in Hexes
 24570 | Lair:6   | Reached XP level 14. HP: 81/102 MP: 20/20
 24578 | Lair:6   | Reached skill level 14 in Long Blades
 26108 | D:12     | Found Yxueris's Jewellery Boutique.
 26173 | D:12     | Got a smoking turquoise ring
 26223 | D:12     | Reached skill level 5 in Fighting
 26472 | D:13     | Noticed Slowdrip's ghost (journeyman TrFi)
 27416 | D:13     | Killed Slowdrip's ghost
 28283 | D:14     | Gained mutation: You have supernaturally acute eyesight. (SInv) [mutagenic meat]
 28284 | D:14     | Identified the ring "Jimeyj" {rF+ Str+4 Int+5 Dex+2 Slay-5} (You found it on level 12 of the Dungeon)
 28728 | D:14     | Found a gate to the Vaults.
 28894 | D:14     | Found an opulent altar of Gozag.
 29353 | D:15     | Entered Level 15 of the Dungeon
 29790 | D:15     | Reached skill level 5 in Hexes
 29844 | D:15     | Reached skill level 5 in Spellcasting
 30489 | D:15     | Reached XP level 15. HP: 40/118 MP: 18/23
 30638 | D:15     | Found a staircase to the Depths.
 31077 | Orc:1    | Mangled by an orc knight

Vault maps used:
D:1:      doesnt_arrival_eight_statues, serial_bayou_lake_a
D:3:      gammafunk_wand_slinger, lemuel_old_faithful
D:4:      lemuel_round_altar, nicolae_ru_awakened_eye, kennysheep_mini_moat,
          serial_shops, shop, nicolae_qazlal_style_of_elements
D:5:      nicolae_tso_besieged_by_evil, lemuel_crystal_altar, first_bread
D:6:      minmay_temple_entry_large_hall, serial_shops,
          nicolae_shop_window_shopping, uniq_prince_ribbit1
D:7:      old_standard_altar, uniq_duvessa
D:8:      kennysheep_mini, uniq_pikel
D:9:      ashenzari_altar_1, erik_lair_orcish_takeover, eino_jars
D:10:     david_orc_2, david_nohive_1, minmay_misc_feat_more_columns
D:11:     basic_altar, bloody_trog, uniq_nergalle
D:12:     serial_shops, shop_fountains
D:14:     david_vaults_5, grunt_gozag_statues
D:15:     grunt_enter_depths_magical_seal
Temple:   eino_temple_lava
Lair:2:   minmay_swamp_entry_worms, uniq_erica
Lair:3:   dummy_snake_entry, grunt_megastairs_3, infiniplex_staircase_pool
Lair:4:   nzn_motion_control, infiniplex_staircase_pool_2,
          minmay_lair_oklob_chamber
Lair:5:   columned_hall_lemuel
Lair:6:   minmay_lair_end_enchanted_forest, nicolae_slime_entry_slimehenge,
          st_stairs_7, kennysheep_rathole
Swamp:1:  evilmike_swamp_ruin_house_3, swamp_pool1, hangedman_swamp_dais
Orc:1:    mines2_david
Orc:2:    st_orc_pillars, uniq_sonja

Skill      XL: |  1  2  3  4  5  6  7  8  9 10 11 12 13 14 |
---------------+-------------------------------------------+-----
Long Blades    | 3 4 5 6 7 9 10 11 12 13 14 | 14.9
Shields        | 4 5 6 7 8 10 11 12 13 | 13.1
Invocations    | 3 6 8 |  8.0
Evocations     | 3 6 8 |  8.0
Dodging        | 4 6 9 |  9.0
Stealth        | 5 |  5.2
Spellcasting   | 1 5 |  5.5
Hexes          | 1 5 |  5.5
Fighting       | 7 |  7.4

Action                   |  1- 3 |  4- 6 |  7- 9 | 10-12 | 13-15 || total
-------------------------+-------+-------+-------+-------+-------++-------
Melee: Long sword        |   114 |   160 |   519 |   534 |       ||  1327
       Tailslap          |     8 |    17 |    73 |   145 |   174 ||   417
       Scimitar          |       |       |       |   485 |  1070 ||  1555
Throw: Throwing net      |       |       |       |     1 |       ||     1
 Abil: Breathe Frost     |       |       |    14 |    24 |    11 ||    49
       Evoke Berserk Rag |       |       |       |    11 |     7 ||    18
Evoke: Wand              |       |     2 |     2 |    14 |    28 ||    46
  Use: Potion            |     2 |       |     2 |     5 |     3 ||    12
       Scroll            |       |     5 |    13 |    16 |    14 ||    48
 Stab: Distracted        |       |       |     1 |       |     1 ||     2
       Sleeping          |       |       |       |     5 |    23 ||    28
       Paralysed         |       |       |       |     2 |       ||     2
  Eat: Chunk             |       |     8 |    15 |    30 |    16 ||    69
       Fruit             |       |       |     2 |    10 |    11 ||    23
       Royal jelly       |       |       |       |     2 |     3 ||     5
       Meat ration       |       |       |       |     2 |     4 ||     6
       Bread ration      |       |       |       |     1 |       ||     1
Armor: Skin              |    51 |    54 |   128 |   253 |   165 ||   651
Dodge: Dodged            |    71 |    78 |   233 |   534 |   465 ||  1381
Block: Shield            |    84 |    84 |   281 |   674 |   587 ||  1710
       Reflection        |       |       |       |       |     1 ||     1
       Rpst.: Long sword |    20 |    29 |    67 |    77 |       ||   193
       Scimitar          |       |       |       |    89 |   113 ||   202

Table legend:
 A = Spawn XP
 B = Non-spawn XP
 C = Spawn XP percentage of total XP
 D = Spawn monster count
 E = Non-spawn monster count
 F = Spawn count percentage of total count
 G = Total turns spent on level
                    A         B        C        D         E        F      G
               +---------+---------+-------+---------+---------+-------+---------
         Total |       0 |  106487 |   0.0 |       0 |     679 |   0.0 | 31077
               +---------+---------+-------+---------+---------+-------+---------
           D:1 |       0 |      37 |   0.0 |       0 |      22 |   0.0 |   632
           D:2 |       0 |      91 |   0.0 |       0 |      25 |   0.0 |  1021
           D:3 |       0 |     141 |   0.0 |       0 |      24 |   0.0 |   681
           D:4 |       0 |     650 |   0.0 |       0 |      11 |   0.0 |  1245
           D:5 |       0 |     817 |   0.0 |       0 |      37 |   0.0 |  1011
           D:6 |       0 |    1099 |   0.0 |       0 |      23 |   0.0 |  1228
           D:7 |       0 |    1442 |   0.0 |       0 |      22 |   0.0 |   860
           D:8 |       0 |    1656 |   0.0 |       0 |      16 |   0.0 |  1097
           D:9 |       0 |    3766 |   0.0 |       0 |      38 |   0.0 |  1794
          D:10 |       0 |    6337 |   0.0 |       0 |      63 |   0.0 |  2674
          D:11 |       0 |    4651 |   0.0 |       0 |      40 |   0.0 |  2000
          D:12 |       0 |    3232 |   0.0 |       0 |      18 |   0.0 |  1441
          D:13 |       0 |    6918 |   0.0 |       0 |      41 |   0.0 |  1296
          D:14 |       0 |    8179 |   0.0 |       0 |      30 |   0.0 |  1256
          D:15 |       0 |   14508 |   0.0 |       0 |      37 |   0.0 |  1504
        Lair:1 |       0 |    2433 |   0.0 |       0 |       7 |   0.0 |  1273
        Lair:2 |       0 |    7493 |   0.0 |       0 |      29 |   0.0 |  1458
        Lair:3 |       0 |     868 |   0.0 |       0 |       6 |   0.0 |  1072
        Lair:4 |       0 |   11332 |   0.0 |       0 |      36 |   0.0 |  2959
        Lair:5 |       0 |   10115 |   0.0 |       0 |      27 |   0.0 |  1715
        Lair:6 |       0 |   16247 |   0.0 |       0 |      90 |   0.0 |  1856
       Swamp:1 |       0 |     838 |   0.0 |       0 |       2 |   0.0 |    41
         Orc:1 |       0 |    2143 |   0.0 |       0 |      21 |   0.0 |   831
         Orc:2 |       0 |    1494 |   0.0 |       0 |      14 |   0.0 |    67
               +---------+---------+-------+---------+---------+-------+---------
